 Dungeon Crawl Stone Soup version 0.26-a0-651-gb41185065b (webtiles) character file.

Game seed: 10104656539048936378

416745 Flugslaktarn the Peltast (level 22, -4/179 HPs)
             Began as a Deep Dwarf Fighter on Oct 9, 2020.
             Was the Champion of Makhleb.
             Slain by a caustic shrike (13 damage)
             ... on level 5 of the Depths.
             The game lasted 00:22:54 (20720 turns).

Flugslaktarn the Peltast (Deep Dwarf Fighter)      Turns: 20720, Time: 00:22:55

Health: -4/179     AC: 33    Str: 17 (19) XL:     22   Next: 25%
Magic:  8/8 (0)    EV: 13    Int: 14      God:    Makhleb [******]
Gold:   3036       SH: 20    Dex: 14 (15) Spells: 21/21 levels left

rFire    + + .     SeeInvis +   P - +3 broad axe (drain)
rCold    + + .     Faith    +   v - +1 kite shield {AC+3}
rNeg     + . .     Spirit   .   N - +7 plate armour of Lust {*Contam rPois rF+ Int+3}
rPois    +         Reflect  .   y - +2 helmet
rElec    +         Harm     .   O - +2 cloak {rF+}
rCorr    .         Rampage  .   a - +1 pair of gloves
MR       +++..     Rnd*Rage +   (no boots)
Stlth    ..........             z - amulet of faith
HPRegen  0.00/turn              o - ring of poison resistance
MPRegen  0.11/turn              s - ring "Damnable Contraption" {rElec rC++ MP+9 Dex-2 SInv}

@: corroded, berserk cooldown, very slightly contaminated, non-regenerating,
heavily drained, invisible
A: damage resistance, heal wounds, icy blue scales 1, iridescent scales 1, large
bone plates 1, berserk 1, clumsy 1, deformed body, deterioration 2, frail 2, low
mp 2[+1], negative energy resistance 1, sense surroundings 3, weak 1, no potion
heal 1, no regeneration
0: Orb of Zot
}: 3/15 runes: barnacled, abyssal, gossamer
a: Heal Wounds, Minor Destruction, Lesser Servant of Makhleb, Major Destruction,
Greater Servant of Makhleb, Renounce Religion


You were on level 5 of the Depths.
You worshipped Makhleb.
Makhleb was exalted by your worship.
You visited 7 branches of the dungeon, and saw 38 of its levels.
You visited the Abyss 2 times.
You also visited: Volcano.

You collected 3036 gold pieces.

Inventory:

Hand Weapons
 j - a +0 broad axe
   (You found it on level 13 of the Dungeon)
 A - a +8 war axe of freezing
   (You took it off a wight on level 6 of the Dungeon)
 P - a +3 broad axe of draining (weapon)
   (You took it off a hell knight on level 5 of the Depths)
Missiles
 J - 11 throwing nets (quivered)
Armour
 a - a +1 pair of gloves (worn)
   (You found it on level 8 of the Dungeon)
 v - a +1 kite shield of protection (worn)
   (You took it off a tengu warrior on level 15 of the Dungeon)
 y - a +2 helmet (worn)
   (You found it on level 12 of the Dungeon)
 N - the +7 plate armour of Lust (worn) {*Contam rPois rF+ Int+3}
   (You found it on level 5 of the Depths)

   It affects your intelligence (+3).
   It protects you from fire.
   It protects you from poison.
   It causes magical contamination when unequipped.
 O - a +2 cloak of fire resistance (worn)
   (You found it in a volcano)
Jewellery
 c - an uncursed ring of protection from cold
   (You found it on level 5 of the Dungeon)
 i - an uncursed ring of resist corrosion {unknown}
   (You found it on level 4 of the Depths)
 o - a ring of poison resistance (left hand)
   (You found it on level 2 of the Lair of Beasts)
 p - an uncursed amulet of reflection {unknown}
   (You found it on level 5 of the Depths)
 s - the ring "Damnable Contraption" (right hand) {rElec rC++ MP+9 Dex-2 SInv}
   (You acquired it on level 15 of the Dungeon)

   [ring of magical power]

   It affects your dexterity (-2).
   It greatly protects you from cold.
   It insulates you from electricity.
   It affects your magic capacity (+9).
   It lets you see invisible.
 z - an amulet of faith (around neck)
   (You found it on level 5 of the Dungeon)
 M - the ring "Cawe" {*Slow rF+ AC+4 Str+3 Int+8}
   (You acquired it on level 2 of the Lair of Beasts)

   [ring of protection]

   It affects your AC (+4).
   It affects your strength (+3).
   It affects your intelligence (+8).
   It protects you from fire.
   It may slow you when you take damage.
Wands
 b - a wand of paralysis (45)
   (You found it on level 8 of the Dungeon)
 g - a wand of digging (13)
   (You took it off Grinder on level 5 of the Dungeon)
 G - a wand of acid (6)
   (You took it off a yaktaur on level 5 of the Depths)
 H - a wand of iceblast (39)
   (You took it off a kobold on level 12 of the Dungeon)
Scrolls
 k - 2 scrolls of fog
 l - a scroll of magic mapping
 r - 16 scrolls of identify
 t - 9 scrolls of teleportation
 x - 14 scrolls of remove curse
 K - a scroll of immolation
 L - 3 scrolls of fear
Potions
 e - 3 potions of berserk rage
 f - a potion of cancellation
 h - 2 potions of haste
 m - 3 potions of magic
 n - a potion of resistance
 q - 2 potions of curing
 u - 2 potions of ambrosia
 E - 2 potions of flight
 I - 6 potions of lignification
Miscellaneous
 C - a tin of tremorstones (3/3)
   (You found it on level 12 of the Dungeon)
 F - a condenser vane (2/2)
   (You found it on level 4 of the Lair of Beasts)


   Skills:
 + Level 19.0(17.3) Fighting
 - Level 16.0(14.4) Axes
 + Level 19.4(17.8) Armour
 + Level 16.3(14.7) Dodging
 + Level 20.4(18.7) Shields
 - Level 15.0(13.4) Invocations
 - Level 10.0(8.6) Evocations


You had 21 spell levels left.
You didn't know any spells.
Your spell library was empty.

Dungeon Overview and Level Annotations

Branches:
Dungeon (15/15)            Temple (1/1) D:4            Lair (4/6) D:11
 Shoals (4/4) Lair:4       Spider (4/4) Lair:4          Orc (0/2) D:11
 Vaults (0/5) D:14         Depths (5/5) D:15            Zot (5/5) Depths:5
Volcano (visited)

Altars:
Ashenzari
Cheibriados
Dithmenos
Elyvilon
Hepliaklqana
Kikubaaqudgha
Makhleb
Qazlal
Sif Muna
Trog
Uskayaw
Vehumet
Wu Jian
Yredelemnul
Lugonu

Portals:
Hell: Depths:4 Depths:5
Abyss: Depths:1

Annotations:
D:10 exclusion: door
D:11 exclusion: ice statue


Innate Abilities, Weirdness & Mutations

You are resistant to damage.
You can heal yourself by infusing magical energy.
You resist negative energy. (rN+)
You passively map a large area around you.
You do not regenerate.
You are partially covered in icy blue scales. (AC +2)
You are partially covered in iridescent scales. (AC +2)
You are partially covered in large bone plates. (SH +4)
You tend to lose your temper in combat.
You are clumsy. (Dex -2)
Armour fits poorly on your strangely shaped body.
Your body often deteriorates upon taking damage.
You are very frail. (-20% HP)
You are weak. (Str -2)
Potions are less effective at restoring your health.
[Your magical capacity is extremely low. (-30% MP)]


Message History

You are suddenly yanked towards some nearby monsters!
Your surroundings suddenly seem different.
A caustic shrike comes into view.
The caustic shrike screeches!
A caustic shrike comes into view.
The caustic shrike screeches!
A caustic shrike comes into view.
The caustic shrike screeches!
A caustic shrike comes into view.
The caustic shrike screeches!
The caustic shrike claws you but does no damage.
A caustic shrike comes into view.
You block the caustic shrike's attack. The caustic shrike claws you!
* * * LOW HITPOINT WARNING * * *
The acid corrodes you!
You are splashed with acid.
* * * LOW HITPOINT WARNING * * *
You block the caustic shrike's attack.
There is a stone staircase leading up, spattered with blood here.
The caustic shrike claws you!
You die...

....^.......#
.........)).#
........(()(# ,
.......[.[)## ###### ,
.........(#### ###....#
..........<#.###......#
,..............##......#
,
,....##.........#......#
,............b@........##
,
............bb.........#
....#......b..........##
, ##.................###
, .......b.............#
* ....∩................#
* .....................#
*
,....................)##
, .....................^#


You could see 5 caustic shrikes.

Vanquished Creatures
  5 orbs of fire (Zot:5)
  5 ancient liches (Zot:5)
  4 Killer Klowns
  Margery (Depths:5)
  A golden dragon (Zot:5)
  A profane servitor (Abyss:3)
  3 bone dragons (Abyss:1)
  A lich (Abyss:1)
  2 electric golems (Zot:5)
  3 tentacled monstrosities (Zot:5)
  2 quicksilver dragons
  24 Orb Guardians (Zot:5)
  Polyphemus (Shoals:2)
  2 death cobs (Zot:5)
  A shadow dragon (Zot:5)
  4 draconian monks
  4 storm dragons
  2 fire giants
  5 draconian knights
  A daeva (Abyss:3)
  An iron dragon (Depths:5)
  A balrug (Abyss:3)
  3 frost giants
  4 ghost moths
  2 draconian scorchers (Abyss:1)
  2 draconian stormcallers
  8 emperor scorpions
  A draconian annihilator (Depths:5)
  The ghost of Sassenached the Fighter, a journeyman HuWn of Nemelex Xobeh (Lair:2)
  3 draconian shifters (Zot:5)
  8 very ugly things
  3 entropy weavers
  2 black draconians
  6 stone giants
  4 green draconians
  6 yellow draconians
  5 white draconians
  A dire elephant (D:15)
  2 spark wasps
  8 purple draconians
  6 red draconians
  4 fire dragons
  A green death (Depths:3)
  5 yaktaur captains
  4 merfolk javelineers (Shoals:4)
  8 ettins
  6 merfolk impalers
  A great orb of eyes (shapeshifter) (Depths:2)
  2 great orbs of eyes (Depths:5)
  5 ice dragons
  An ogre mage (Volcano)
  Fannar (D:11)
  3 rakshasas
  2 hydras
  An anaconda (shapeshifter) (Abyss:1)
  A catoblepas (Shoals:2)
  Harold (D:9)
  6 merfolk aquamancers
  A naga warrior (Abyss:1)
  2 alligator snapping turtles (Shoals:4)
  A merfolk avatar (Shoals:2)
  A spriggan air mage (Depths:2)
  4 centaur warriors
  A queen ant (Lair:4)
  3 satyrs (Shoals:4)
  11 death yaks
  15 two-headed ogres
  5 tengu warriors
  2 deep troll earth magi (Depths:4)
  2 deep troll shamans
  Urug (D:14)
  8 death scarabs (Spider:4)
  2 thrashing horrors
  4 wretched stars
  A spectral emperor scorpion (Spider:4)
  3 spatial maelstroms
  3 iron trolls (Depths:1)
  8 sea snakes
  2 sixfirhies (Abyss:1)
  5 skeletal warriors (D:14)
  5 hell knights (Depths:5)
  A glowing orange brain (Depths:5)
  4 unseen horrors
  A storm dragon skeleton (Abyss:1)
  8 deep trolls
  A flayed ghost (Depths:5)
  A wolf spider zombie (Spider:4)
  4 harpies
  2 necromancers (Depths:5)
  Pikel (D:4)
  2 spectral wolf spiders (Spider:4)
  A deep elf mage (D:14)
  An orb spider (shapeshifter) (Depths:4)
  17 wolf spiders
  6 orb spiders
  16 ugly things
  3 draconians (Abyss:3)
  Joseph (D:7)
  2 cyclopes
  10 fauns
  10 moths of wrath
  12 manticores
  A rust devil (Zot:1)
  Maurice (D:8)
  6 merfolk sirens
  3 smoke demons (Abyss:1)
  A torpor snail (Spider:3)
  An apocalypse crab (Abyss:3)
  Psyche (D:12)
  A guardian serpent (Abyss:1)
  A black mamba (Lair:3)
  8 cane toads
  4 water nymphs
  4 centaur skeletons
  2 orange demons
  A rime drake (Lair:1)
  A komodo dragon (shapeshifter) (D:15)
  3 kobold demonologists
  4 freezing wraiths
  2 komodo dragons (D:12)
  4 redback zombies (Spider:4)
  8 demonic crawlers
  12 yaktaurs
  3 efreet
  2 ice devils
  3 ancient zymes (Abyss:1)
  3 tengu conjurers
  A hellwing (Abyss:1)
  A troll (shapeshifter) (Depths:4)
  24 merfolk
  3 meliai (Spider:3)
  6 polar bears
  6 spectral tarantellas (Spider:4)
  Grinder (D:5)
  3 trolls
  14 hornets
  2 polar bears (shapeshifter)
  3 blink frogs (Abyss:2)
  21 jumping spiders
  6 raiju
  13 slime creatures
  4 wind drakes
  7 spectral jumping spiders (Spider:4)
  9 snapping turtles
  8 hippogriffs
  2 centaur simulacra (D:12)
  A jumping spider zombie (Spider:4)
  A flying skull (Abyss:1)
  4 tarantella zombies (Spider:4)
  10 large abominations
  50 redbacks
  9 water elementals
  24 tarantellas
  A ynoxinul (Abyss:1)
  3 wyverns
  4 wraiths
  A yak (shapeshifter) (Depths:4)
  Sigmund (D:6)
  2 vampires
  4 shadows
  23 yaks
  7 fire bats
  A dire elephant simulacrum (Abyss:1)
  16 humans (D:14)
  4 golden eyes (Abyss:1)
  2 neqoxecs
  2 basilisks
  3 chaos spawn
  5 vampire mosquitoes
  Edmund (D:6)
  3 insubstantial wisps (Abyss:1)
  2 nagas (Abyss:1)
  A hell hound (D:10)
  7 spatial vortices
  11 soldier ants
  A floating eye (shapeshifter) (Depths:4)
  4 porcupines
  Duvessa (D:7)
  13 water moccasins
  10 orc warriors
  2 ice beasts
  3 sky beasts
  2 black bears
  A necrophage (D:12)
  17 starcursed masses
  3 phantoms
  8 ogres
  4 wolves (Lair:1)
  An eye of draining (D:11)
  14 small abominations
  11 centaurs
  A lemure (D:4)
  20 big kobolds
  8 crocodiles
  17 bullfrogs
  A water moccasin zombie (D:9)
  A wyvern skeleton (D:13)
  6 scorpions
  Dowan (D:7)
  14 killer bees
  21 wights
  4 howler monkeys
  2 crimson imps (Depths:4)
  6 centaur zombies
  2 lava snakes (D:10)
  2 bullfrog zombies
  A quasit (D:12)
  An iron imp (Abyss:1)
  5 hounds
  4 jellies
  7 orc priests
  3 bullfrog skeletons
  2 iguanas
  18 orc wizards
  24 worker ants
  A killer bee zombie (D:6)
  3 hound zombies
  2 hound skeletons
  4 gnolls (D:10)
  13 adders
  3 shadow imps
  3 white imps
  6 ufetubi
  An ooze (D:2)
  An adder zombie (D:8)
  2 worms
  8 leopard geckos
  60 orcs
  10 giant cockroaches
  A goblin (D:2)
  3 hobgoblins
  11 jackals
  9 kobolds
  4 quokkas
  A rat (D:1)
1224 creatures vanquished.

Vanquished Creatures (collateral kills)
  An ancient lich (Zot:5)
  3 Orb Guardians (Zot:5)
  A death cob (Zot:5)
  A purple draconian (Zot:5)
  A merfolk javelineer (Shoals:4)
  6 hydras
  2 two-headed ogres
  A sea snake (Shoals:4)
  An ugly thing (D:12)
  2 cane toads
  A troll (D:12)
  A redback (Spider:1)
  A yak (shapeshifter) (D:15)
  A yak (Lair:4)
  An ice beast (D:15)
  2 wolves (Lair:1)
  2 centaurs
  A bullfrog (Lair:1)
  2 worker ants (D:12)
31 creatures vanquished.

Vanquished Creatures (others)
  A merfolk aquamancer (Shoals:4)
  A hell hog (Abyss:1)
  A sea snake (Shoals:2)
  A jumping spider (Spider:3)
  2 fire vortices (D:10)
  4 fungi
  50 plants
  A starspawn tentacle (Abyss:1)
61 creatures vanquished.

Grand Total: 1316 creatures vanquished

Notes
Turn   | Place    | Note
-------+----------+-------------------------------------------
     0 | D:1      | Flugslaktarn the Deep Dwarf Fighter began the quest for the
                  | Orb.
     0 | D:1      | Reached XP level 1. HP: 20/20 MP: 1/1
   109 | D:2      | Reached XP level 2. HP: 21/27 MP: 2/2
   220 | D:4      | Reached XP level 3. HP: 21/34 MP: 3/3
   249 | D:4      | Reached XP level 4. HP: 23/42 MP: 4/4
   272 | D:5      | Entered Level 5 of the Dungeon
   367 | D:5      | Reached skill level 4 in Shields
   367 | D:5      | Reached XP level 5. HP: 38/50 MP: 5/5
   443 | D:4      | Noticed an ogre
   450 | D:4      | Killed an ogre
   450 | D:4      | Reached XP level 6. HP: 39/57 MP: 6/6
   478 | D:4      | Noticed Pikel
   500 | D:4      | Killed Pikel
   500 | D:4      | Reached skill level 5 in Fighting
   500 | D:4      | Reached skill level 5 in Axes
   500 | D:4      | Reached XP level 7. HP: 41/67 MP: 6/6
   519 | D:4      | Reached skill level 5 in Shields
   559 | D:4      | Found a staircase to the Ecumenical Temple.
   593 | Temple   | Entered the Ecumenical Temple
   624 | Temple   | Became a worshipper of Makhleb the Destroyer
   694 | D:4      | Reached skill level 5 in Armour
   712 | D:4      | Reached skill level 1 in Invocations
  1011 | D:5      | Reached * piety under Makhleb
  1011 | D:5      | Reached skill level 1 in Dodging
  1064 | D:5      | Reached XP level 8. HP: 47/75 MP: 5/5
  1146 | D:5      | Noticed Grinder
  1163 | D:5      | Paralysed by Grinder for 4 turns
  1173 | D:5      | Paralysed by Grinder for 2 turns
  1178 | D:5      | Killed Grinder
  1890 | D:6      | Gained mutation: You passively map the area around you.
                  | [Deep Dwarf growth]
  1890 | D:6      | Reached XP level 9. HP: 45/85 MP: 7/7
  2267 | D:6      | Reached ** piety under Makhleb
  2343 | D:6      | Noticed Edmund
  2353 | D:6      | Killed Edmund
  2381 | D:6      | Noticed Sigmund
  2388 | D:6      | Killed Sigmund
  2557 | D:7      | Found an ornate altar of the Wu Jian Council.
  2557 | D:7      | Noticed Duvessa
  2557 | D:7      | Noticed Dowan
  2568 | D:7      | Killed Dowan
  2568 | D:7      | Killed Duvessa
  2637 | D:7      | Found a bloodstained altar of Trog.
  2767 | D:7      | Reached skill level 5 in Invocations
  2788 | D:7      | Found a broken altar of Ashenzari.
  2792 | D:7      | Saw a vision of the Shoals and the Spider Nest.
  2792 | D:7      | Noticed a sea snake
  2792 | D:7      | Noticed a wolf spider
  2792 | D:7      | Noticed a wolf spider
  2792 | D:7      | Noticed a merfolk siren
  2792 | D:7      | Noticed a merfolk
  2792 | D:7      | Noticed a merfolk
  2904 | D:7      | Noticed Joseph
  2916 | D:7      | Killed Joseph
  3159 | D:8      | Reached XP level 10. HP: 90/96 MP: 10/10
  3167 | D:8      | Reached *** piety under Makhleb
  3259 | D:8      | Noticed a two-headed ogre
  3265 | D:8      | Killed a two-headed ogre
  3265 | D:8      | Reached skill level 5 in Dodging
  3270 | D:8      | Noticed Maurice
  3289 | D:8      | Killed Maurice
  3633 | D:8      | Noticed a two-headed ogre
  3644 | D:8      | Killed a two-headed ogre
  3644 | D:8      | Reached skill level 10 in Axes
  3822 | D:9      | Reached **** piety under Makhleb
  3933 | D:9      | Reached XP level 11. HP: 88/106 MP: 10/10
  4050 | D:9      | Reached ***** piety under Makhleb
  4226 | D:9      | Noticed Harold
  4247 | D:9      | Killed Harold
  4523 | D:10     | Entered Level 10 of the Dungeon
  4585 | D:10     | Identified a scroll of acquirement
  4585 | D:10     | Acquired a manual of Shields
  5141 | D:10     | Killed an unseen horror
  5461 | D:11     | Reached skill level 10 in Fighting
  5461 | D:11     | Reached skill level 6 in Shields
  5513 | D:11     | Noticed a brown ugly thing
  5516 | D:11     | Paralysed by a hornet for 2 turns
  5533 | D:11     | Killed a brown ugly thing
  5652 | D:11     | Reached skill level 1 in Evocations
  5662 | D:11     | Noticed a two-headed ogre
  5669 | D:11     | Noticed a cyan ugly thing
  5670 | D:11     | Killed a two-headed ogre
  5670 | D:11     | Reached ****** piety under Makhleb
  5681 | D:11     | Killed a cyan ugly thing
  5698 | D:11     | Found a staircase to the Lair.
  5711 | D:11     | Reached skill level 7 in Shields
  5722 | D:11     | Found a staircase to the Orcish Mines.
  5722 | D:11     | Noticed Fannar
  5744 | D:11     | Killed Fannar
  5744 | D:11     | Reached XP level 12. HP: 117/117 MP: 12/12
  5753 | D:11     | Noticed a death yak
  5753 | D:11     | Noticed a death yak
  5753 | D:11     | Noticed a death yak
  5753 | D:11     | Noticed a death yak
  5754 | D:11     | Noticed a death yak
  5754 | D:11     | Noticed a death yak
  5755 | D:11     | Noticed a death yak
  5756 | D:11     | Noticed a death yak
  5778 | D:11     | Killed a death yak
  5801 | D:11     | Killed a death yak
  5814 | D:11     | Killed a death yak
  5825 | D:11     | Killed a death yak
  5829 | D:11     | Killed a death yak
  5829 | D:11     | Reached skill level 8 in Shields
  5832 | D:11     | Killed a death yak
  5838 | D:11     | Killed a death yak
  5850 | D:11     | Killed a death yak
  5944 | D:11     | Reached skill level 5 in Evocations
  6308 | D:12     | Found a shadowy altar of Dithmenos.
  6384 | D:12     | Noticed a six-headed hydra
  6421 | D:12     | Killed a 16-headed hydra
  6421 | D:12     | Reached skill level 9 in Shields
  6421 | D:12     | Reached skill level 10 in Invocations
  6492 | D:12     | Noticed a two-headed ogre
  6496 | D:12     | Noticed Psyche
  6504 | D:12     | Killed a two-headed ogre
  6506 | D:12     | Killed Psyche
  6590 | D:12     | Noticed a centaur warrior
  6604 | D:12     | Killed a centaur warrior
  6604 | D:12     | Reached skill level 10 in Armour
  6604 | D:12     | Reached XP level 13. HP: 82/127 MP: 11/11
  6905 | D:12     | Reached skill level 10 in Shields
  7835 | D:14     | Noticed Urug
  7859 | D:14     | Reached skill level 15 in Axes
  7859 | D:14     | Gained mutation: You resist negative energy. (rN+) [Deep
                  | Dwarf growth]
  7859 | D:14     | Reached XP level 14. HP: 110/138 MP: 13/13
  7873 | D:14     | Killed Urug
  7877 | D:14     | Reached skill level 11 in Shields
  7951 | D:14     | Found a gate to the Vaults.
  8071 | D:14     | Reached XP level 15. HP: 126/146 MP: 13/13
  8394 | D:14     | Found a corrupted altar of Lugonu.
  8867 | D:15     | Entered Level 15 of the Dungeon
  8910 | D:15     | Acquired the ring "Damnable Contraption" {rElec rC++ MP+9
                  | Dex-2 SInv}
  9124 | D:15     | Found a staircase to the Depths.
  9204 | D:15     | Reached skill level 12 in Shields
  9811 | Lair:1   | Entered Level 1 of the Lair of Beasts
 10250 | Lair:2   | Found a runed translucent gate.
 10251 | Lair:2   | Found a runed translucent gate.
 10256 | Lair:2   | Noticed Sassenached's ghost (journeyman HuWn)
 10295 | Lair:2   | Found a runed translucent gate.
 10644 | Lair:2   | Acquired the ring "Cawe" {*Slow rF+ AC+4 Str+3 Int+8}
 10718 | Lair:2   | Killed Sassenached's ghost
 11208 | Lair:3   | Reached skill level 13 in Shields
 11293 | Lair:3   | Found a dark tunnel.
 11314 | Volcano  | Entered a volcano
 11333 | Volcano  | Found a bloodstained altar of Trog.
 11347 | Volcano  | Reached skill level 10 in Evocations
 12256 | Lair:4   | Found a hole to the Spider Nest.
 12283 | Spider:1 | Entered Level 1 of the Spider Nest
 12325 | Spider:1 | Reached XP level 16. HP: 159/159 MP: 14/14
 12357 | Spider:1 | Reached skill level 14 in Shields
 12883 | Spider:4 | Entered Level 4 of the Spider Nest
 13323 | Spider:4 | Reached skill level 15 in Shields
 13451 | Spider:4 | Reached skill level 15 in Fighting
 13638 | Spider:4 | Reached skill level 15 in Invocations
 13638 | Spider:4 | Reached XP level 17. HP: 143/170 MP: 17/17
 13747 | Spider:4 | Got a gossamer rune of Zot
 14519 | Lair:4   | Found a staircase to the Shoals.
 14537 | Shoals:1 | Entered Level 1 of the Shoals
 15139 | Shoals:4 | Entered Level 4 of the Shoals
 15176 | Shoals:4 | Reached skill level 16 in Shields
 15699 | Shoals:4 | Got a barnacled rune of Zot
 15713 | Shoals:4 | Reached skill level 15 in Armour
 15720 | Shoals:4 | Gained mutation: You passively map a large area around you.
                  | [Deep Dwarf growth]
 15720 | Shoals:4 | Reached XP level 18. HP: 106/181 MP: 13/13
 15767 | Shoals:2 | Noticed Polyphemus
 15828 | Shoals:2 | Killed Polyphemus
 16084 | Depths:1 | Entered Level 1 of the Depths
 16148 | Depths:1 | Found a one-way gate to the infinite horrors of the Abyss.
 16189 | Depths:1 | Voluntarily entered the Abyss.
 16231 | Abyss:1  | Found a burning altar of Makhleb.
 16258 | Abyss:1  | Noticed a bone dragon
 16279 | Abyss:1  | Killed a bone dragon
 16279 | Abyss:1  | Reached skill level 10 in Dodging
 16326 | Abyss:1  | Noticed a lich
 16366 | Abyss:1  | Killed a lich
 16730 | Abyss:1  | Found a corrupted altar of Lugonu.
 17182 | Abyss:1  | Noticed a bone dragon
 17202 | Abyss:1  | Gained mutation: Armour fits poorly on your strangely
                  | shaped body. [a neqoxec]
 17204 | Abyss:1  | Gained mutation: Your body sometimes deteriorates upon
                  | taking damage. [a neqoxec]
 17206 | Abyss:1  | Gained mutation: You are occasionally teleported next to
                  | monsters. [a neqoxec]
 17218 | Abyss:1  | Killed a bone dragon
 17218 | Abyss:1  | Reached skill level 17 in Shields
 17253 | Abyss:1  | Lost mutation: You are occasionally teleported next to
                  | monsters. [potion of mutation]
 17253 | Abyss:1  | Lost mutation: Armour fits poorly on your strangely shaped
                  | body. [potion of mutation]
 17253 | Abyss:1  | Gained mutation: You are clumsy. (Dex -2) [potion of
                  | mutation]
 17253 | Abyss:1  | Gained mutation: You are partially covered in icy blue
                  | scales. (AC +2) [potion of mutation]
 17253 | Abyss:1  | Gained mutation: Potions are less effective at restoring
                  | your health. [potion of mutation]
 17253 | Abyss:1  | Gained mutation: Your spells are a little harder to cast,
                  | but a little more powerful. [potion of mutation]
 17552 | Abyss:1  | Acquired 823 gold pieces
 17590 | Abyss:1  | Noticed a bone dragon
 17632 | Abyss:1  | Killed a bone dragon
 18313 | Abyss:3  | Found a transporter.
 18348 | Abyss:3  | Paralysed by accursed screaming for 1 turns
 18407 | Abyss:3  | Found a transporter.
 18407 | Abyss:3  | Noticed a profane servitor
 18455 | Abyss:3  | Killed a profane servitor
 18461 | Abyss:3  | Found a transporter.
 18462 | Abyss:3  | Got an abyssal rune of Zot
 18468 | Depths:1 | Escaped the Abyss
 18543 | Depths:1 | Reached XP level 19. HP: 72/190 MP: 9/9
 19133 | Depths:4 | Found a gateway to Hell.
 19241 | Depths:5 | Entered Level 5 of the Depths
 19272 | Depths:5 | Reached skill level 18 in Shields
 19325 | Depths:5 | Got a crude plate armour
 19326 | Depths:5 | Identified the +7 plate armour of Lust {*Contam rPois rF+
                  | Int+3} (You found it on level 5 of the Depths)
 19554 | Depths:5 | Noticed Margery
 19586 | Depths:5 | Found a gate to the Realm of Zot.
 19658 | Depths:5 | Killed Margery
 19751 | Zot:1    | Entered Level 1 of the Realm of Zot
 19787 | Zot:1    | Reached XP level 20. HP: 118/201 MP: 9/9
 19951 | Zot:4    | Noticed a Killer Klown
 19984 | Zot:4    | Noticed a Killer Klown
 20003 | Zot:4    | Killed a Killer Klown
 20032 | Zot:4    | Killed a Killer Klown
 20081 | Zot:5    | Entered Level 5 of the Realm of Zot
 20092 | Zot:5    | Noticed a Killer Klown
 20092 | Zot:5    | Noticed an ancient lich
 20092 | Zot:5    | Noticed an orb of fire
 20092 | Zot:5    | Noticed an orb of fire
 20092 | Zot:5    | Noticed an orb of fire
 20093 | Zot:5    | Noticed an orb of fire
 20094 | Zot:5    | Noticed an ancient lich
 20210 | Zot:5    | Noticed an ancient lich
 20218 | Zot:5    | Killed an ancient lich
 20233 | Zot:5    | Reached skill level 19 in Shields
 20237 | Zot:5    | Noticed a golden dragon
 20238 | Zot:5    | Noticed a Killer Klown
 20239 | Zot:5    | Noticed an ancient lich
 20243 | Zot:5    | Noticed an ancient lich
 20243 | Zot:5    | Noticed an ancient lich
 20243 | Zot:5    | Cast into level 5 of the Abyss (an ancient lich)
 20243 | Abyss:5  | Entered Level 5 of the Abyss
 20282 | Zot:5    | Escaped the Abyss
 20283 | Zot:5    | Noticed an orb of fire
 20288 | Zot:5    | Gained mutation: You are frail. (-10% HP) [an orb of fire]
 20293 | Zot:5    | Gained mutation: You tend to lose your temper in combat.
                  | [an orb of fire]
 20305 | Zot:5    | Gained mutation: Armour fits poorly on your strangely
                  | shaped body. [an orb of fire]
 20312 | Zot:5    | Gained mutation: [Your magical capacity is low. (-10% MP)]
                  | [an orb of fire]
 20322 | Zot:5    | Killed an ancient lich
 20323 | Zot:5    | Gained mutation: Your body often deteriorates upon taking
                  | damage. [an orb of fire]
 20325 | Zot:5    | Reached XP level 21. HP: 190/190 MP: 6/6
 20326 | Zot:5    | Killed an ancient lich
 20326 | Zot:5    | Killed an ancient lich
 20327 | Zot:5    | Killed a golden dragon
 20327 | Zot:5    | Reached skill level 15 in Dodging
 20327 | Zot:5    | Killed an orb of fire
 20329 | Zot:5    | Killed a Killer Klown
 20332 | Zot:5    | Gained mutation: You occasionally shout uncontrollably at
                  | your foes. [an orb of fire]
 20332 | Zot:5    | Lost mutation: You tend to lose your temper in combat. [an
                  | orb of fire]
 20333 | Zot:5    | Gained mutation: You evolve. [an orb of fire]
 20338 | Zot:5    | Gained mutation: You are weak. (Str -2) [an orb of fire]
 20340 | Zot:5    | Killed an orb of fire
 20341 | Zot:5    | Gained mutation: You tend to lose your temper in combat.
                  | [an orb of fire]
 20342 | Zot:5    | Lost mutation: You are clumsy. (Dex -2) [an orb of fire]
 20343 | Zot:5    | Killed an ancient lich
 20343 | Zot:5    | Reached skill level 20 in Shields
 20343 | Zot:5    | Lost mutation: Your spells are a little harder to cast, but
                  | a little more powerful. [an orb of fire]
 20345 | Zot:5    | Lost mutation: Your body often deteriorates upon taking
                  | damage. [an orb of fire]
 20346 | Zot:5    | Killed an orb of fire
 20347 | Zot:5    | Gained mutation: Your body often deteriorates upon taking
                  | damage. [an orb of fire]
 20360 | Zot:5    | Gained mutation: You are clumsy. (Dex -2) [an orb of fire]
 20363 | Zot:5    | Gained mutation: You often lose your temper in combat. [an
                  | orb of fire]
 20363 | Zot:5    | Gained mutation: You are very frail. (-20% HP) [an orb of
                  | fire]
 20364 | Zot:5    | Killed an orb of fire
 20375 | Zot:5    | Killed a Killer Klown
 20377 | Zot:5    | Gained mutation: You are partially covered in iridescent
                  | scales. (AC +2) [an orb of fire]
 20380 | Zot:5    | Killed an ancient lich
 20380 | Zot:5    | Reached XP level 22. HP: 168/178 MP: 1/6
 20407 | Zot:5    | Gained mutation: [Your magical capacity is very low. (-20%
                  | MP)] [an orb of fire]
 20409 | Zot:5    | Killed an orb of fire
 20466 | Zot:5    | Got the Orb of Zot
 20622 | Zot:4    | Noticed Qedud the pandemonium lord
 20702 | Zot:1    | HP: 6/179 [Tzitzimitl/bolt of negative energy (7)]
 20715 | Depths:5 | Lost mutation: You evolve. [potion of mutation]
 20715 | Depths:5 | Lost mutation: You occasionally shout uncontrollably at
                  | your foes. [potion of mutation]
 20715 | Depths:5 | Lost mutation: You often lose your temper in combat.
                  | [potion of mutation]
 20715 | Depths:5 | Gained mutation: You are partially covered in large bone
                  | plates. (SH +4) [potion of mutation]
 20719 | Depths:5 | Noticed a caustic shrike
 20719 | Depths:5 | Noticed a caustic shrike
 20719 | Depths:5 | Noticed a caustic shrike
 20719 | Depths:5 | Noticed a caustic shrike
 20719 | Depths:5 | Noticed a caustic shrike
 20720 | Depths:5 | Slain by a caustic shrike

Illustrated notes

Levels and vault maps discovered:
D:1:      wander_arrival_desolate, layout_basic, minmay_pentomino_x4
D:2:      layout_loops_ring, grunt_ministairs_11
D:3:      layout_loops_cross, xom_teletrap_fun
D:4:      layout_rooms, minmay_temple_entry_glassed_door, gup_sewer_entry_pipe,
          chequers_serial_rivers_micro_d, grunt_ministairs_1, corner_web_ring,
          uniq_pikel
D:5:      layout_loops_ring, uniq_grinder
D:6:      layout_cave_pods, sigmund_edmund_badplayer
D:7:      layout_rooms, nicolae_overflow_crystal_walls, basic_altar,
          grunt_ashenzari_visionary [grunt_ashenzari_visionary_shoals,
          grunt_ashenzari_visionary_spider], uniq_joseph, uniq_duvessa
D:8:      layout_basic, wad_dig_loot, uniq_maurice
D:9:      layout_irregular_city, uniq_harold
D:10:     layout_basic, hangedman_incinerator
D:11:     layout_roguey [special_room_kobold], dpeg_lair_monsters, orc_0_dummy,
          minivault_16, chequers_serial_rivers_micro_e, uniq_nergalle,
          uniq_fannar
D:12:     minmay_the_grid_octo_tiled_octocenter [minmay_the_grid_octo_focus,
          minmay_the_grid_octo_chip, minmay_the_grid_octo_checkerflower,
          minmay_the_grid_octo_clover,
          minmay_the_grid_octo_prize_square_snowflake,
          minmay_the_grid_square_5x5_two_walls_a,
          minmay_the_grid_square_5x5_forky,
          minmay_the_grid_square_5x5_checkered_sparse,
          minmay_the_grid_square_5x5_detours], layout_gridville, basic_altar,
          item_on_display_a, uniq_psyche
D:13:     layout_irregular_city
D:14:     layout_basic, david_vaults_3, infiniplex_staircase_zigzag_5,
          tgw_lugonu_bribe
D:15:     hangedman_depths_entry_try_elsewhere_first, layout_basic,
          minmay_misc_feat_five
Temple:   nicolae_temple_the_god_donut
Lair:1:   layout_cellular_growth
Lair:2:   layout_hall_layers, gammafunk_ghost_split, beast_lair_carwin_2,
          lemuel_fruit_tree
Lair:3:   layout_loops_ring, nicolae_volcano_entry_batcave, serial_bayou_ford_a,
          cheibrodos_lair_lostbears
Lair:4:   layout_cave_pods, minmay_shoals_entry_hut,
          nicolae_spider_entry_tight_spaces, minmay_another_anthill
Shoals:1: layout_shoals, nicolae_shoals_water_shrine
Shoals:2: layout_shoals, serial_shops, shop, shop_fountains, shop_fountains,
          shop, uniq_aizul, uniq_polyphemus
Shoals:3: layout_shoals, nicolae_shoals_aquamancer_cove
Shoals:4: shoals_end_simple, layout_shoals
Spider:1: layout_spider_delve
Spider:2: layout_spider_delve
Spider:3: layout_spider_delve
Spider:4: floodkiller_spider_rune_tomb
Depths:1: layout_forbidden_donut, grunt_decor_resistance, hellmouth_1,
          abyss_entry, kennysheep_opposing_triangles
Depths:2: ragdoll_tomb_raider, layout_long_grid, serial_shops, shop_fountains,
          grunt_hell_entry_dis_grunt, old_standard_altar
Depths:3: evilmike_diamond_1, layout_cave_pools, enter_ziggurat_b,
          rand_demon_pan_entry_8, abyss_entry, chequers_big_river,
          pf_hell_entry_tar_spiral, minmay_misc_feat_tiny
Depths:4: minmay_broken_ring, layout_cave_shapes, minmay_room_of_horrors,
          hangedman_decor_points, pf_dread_powers_of_hell, grunt_megastairs_3,
          infiniplex_staircase_pool_1
Depths:5: evilmike_zot_entry_round, layout_cave_pools, hell_entry,
          serial_bayou_pond_d, uniq_margery
Zot:1:    layout_onion
Zot:2:    layout_twisted_circle
Zot:3:    gammafunk_mikee_crab_dinner, layout_onion_interference,
          gammafunk_ghost_grave
Zot:4:    grunt_zot_stairs_faceoff, layout_basic
Zot:5:    layout_misc_corridors

Skill      XL: |  1  2  3  4  5  6  7  8  9 10 11 12 13 14 15 16 17 18 19 20 21 22 |
---------------+-------------------------------------------------------------------+-----
Fighting       | 3 4 5 6 7 9 10 11 12 14 15 16 17 18 19 | 19.0
Axes           | 3 4 5 6 7 9 10 11 13 15 16 | 16.0
Armour         | 4 5 6 7 9 10 12 13 15 16 17 18 19 | 19.4
Shields        | 4 5 7 9 10 11 13 15 16 17 18 19 20 | 20.4
Invocations    | 1 3 5 7 8 10 11 13 15 | 15.0
Dodging        | 1 3 4 5 6 9 11 13 14 16 | 16.3
Evocations     | 2 5 7 8 10 | 10.0

Action                   |  1- 3 |  4- 6 |  7- 9 | 10-12 | 13-15 | 16-18 | 19-21 | 22-24 || total
-------------------------+-------+-------+-------+-------+-------+-------+-------+-------++-------
Melee: War axe           |    44 |    73 |   342 |   604 |   864 |  1807 |   492 |       ||  4226
       Broad axe         |       |       |       |       |       |       |   325 |   167 ||   492
Invok: Lesser Servant of |       |       |       |     2 |    12 |       |       |       ||    14
       Greater Servant o |       |       |       |       |     1 |     1 |     3 |       ||     5
 Abil: Heal Wounds       |       |     3 |     9 |    20 |    14 |    41 |    25 |     2 ||   114
Evoke: Wand              |       |       |       |     2 |       |    14 |     2 |       ||    18
       Condenser vane    |       |       |       |       |     1 |    11 |     7 |       ||    19
       Tin of tremorston |       |       |       |       |       |    12 |    12 |       ||    24
  Use: Scroll            |       |       |     7 |     8 |    17 |    10 |     3 |     1 ||    46
       Potion            |       |       |       |     6 |     3 |     5 |    10 |    12 ||    36
 Stab: Paralysed         |       |       |       |     4 |       |       |       |       ||     4
       Distracted        |       |       |       |     1 |     3 |       |       |       ||     4
Armor: Scale mail        |     3 |       |       |       |       |       |       |       ||     3
       Plate armour      |    16 |    59 |    96 |       |       |   267 |   553 |   105 ||  1096
       Chain mail        |       |       |   103 |   316 |   455 |   823 |       |       ||  1697
Dodge: Dodged            |    10 |    12 |    83 |   221 |   311 |   767 |   412 |    88 ||  1904
Block: Kite shield       |    21 |    43 |   202 |   343 |   597 |  1534 |   711 |   187 ||  3638

Table legend: (Time is in decaauts)
 A = Elapsed time spent in this place.
 B = Non-inter-level travel time spent in this place.
 C = Inter-level travel time spent in this place.
 D = Time resting spent in this place.
 E = Time spent auto-exploring this place.
 F = Levels seen in this place.
 G = Mean time per level.
                   A        B        C        D        E       F      G
               +--------+--------+--------+--------+--------+-----+--------+
         Total |  20078 |  18641 |   1437 |    550 |  10844 |  43 |  466.9 |
       Dungeon |   9917 |   9151 |    766 |    152 |   6176 |  15 |  661.1 |
        Temple |     36 |     18 |     18 |      0 |     16 |   1 |   36.0 |
          Lair |   2873 |   2555 |    318 |     26 |   1953 |   4 |  718.2 |
        Shoals |   1282 |   1215 |     67 |      9 |    385 |   4 |  320.5 |
   Spider Nest |   1637 |   1426 |    211 |     67 |    707 |   4 |  409.2 |
        Depths |   1251 |   1219 |     32 |     50 |    461 |   5 |  250.2 |
           Zot |    842 |    819 |     23 |     39 |     50 |   5 |  168.4 |
         Abyss |   2108 |   2108 |      0 |    207 |   1079 |   4 |  527.0 |
       Volcano |    128 |    128 |      0 |      0 |     15 |   1 |  128.0 |
               +--------+--------+--------+--------+--------+-----+--------+

Top non-repeatable levels by time:
 Abyss:1: 1476 daAuts
Spider:4: 1058 daAuts
    D:14: 1032 daAuts
     D:6: 1018 daAuts
  Lair:3: 986 daAuts
  Lair:4: 911 daAuts
    D:15: 893 daAuts
    D:10: 892 daAuts
    D:11: 874 daAuts
    D:12: 831 daAuts
    D:13: 758 daAuts
     D:5: 742 daAuts
     D:9: 738 daAuts
  Lair:2: 724 daAuts
     D:4: 676 daAuts
